 Dungeon Crawl Stone Soup version 0.31-a0-1-g4198be8af4 (webtiles) character file.

Game seed: 678581246325935352

64 Darkkill the Shooter (level 3, -1/31 HPs)
             Began as a Minotaur Hunter on May 2, 2023.
             Succumbed to an adder's poison
             ... on level 2 of the Dungeon.
             The game lasted 00:01:57 (1238 turns).

Darkkill the Shooter (Minotaur Hunter)              Turns: 1238, Time: 00:01:58

Health: -1/31      AC:  3    Str: 15    XL:     3   Next: 91%
Magic:  2/2        EV: 12    Int:  6    God:
Gold:   133        SH:  0    Dex: 15    Spells: 2/2 levels left

rFire   . . .        a - +0 shortbow
rCold   . . .        (shield currently unavailable)
rNeg    . . .        c - +0 leather armour
rPois   .            (helmet restricted)
rElec   .            (no cloak)
rCorr   .            (no gloves)
SInv    .            (no boots)
Will    .....        (no amulet)
Stlth   ++           (no ring)
HPRegen 0.25/turn    (no ring)
MPRegen 0.08/turn

%: no passive effects
@: lethally poisoned (-1 -> -8)
A: horns 2, retaliatory headbutt
a: no special abilities


You were on level 2 of the Dungeon.
You visited 1 branch of the dungeon, and saw 2 of its levels.

You collected 133 gold pieces.

Inventory:

Hand Weapons
 a - a +0 shortbow (weapon)
Missiles
 d - 6 datura-tipped darts
 j - 5 boomerangs
 l - 4 javelins
Armour
 c - a +0 leather armour (worn)
Scrolls
 b - a scroll of immolation
 h - a scroll of enchant weapon {unknown}
 k - a scroll of identify {unknown}
Potions
 e - 2 potions of cancellation {unknown}
 f - a potion of lignification {unknown}
 g - a potion of degeneration {unknown}
 i - a potion of attraction {unknown}


   Skills:
 + Level 3.3 Fighting
 + Level 4.8 Ranged Weapons
 + Level 3.0 Dodging
 + Level 1.7 Stealth


You had 2 spell levels left.
You didn't know any spells.
Your spell library contained the following spells:

 Spells                   Type           Power      Damage    Failure   Level
 Summon Small Mammal      Summ           0%         N/A       52%         1
 Call Canine Familiar     Summ           0%         N/A       88%         3
 Summon Guardian Golem    Hex/Summ       0%         N/A       88%         3


Dungeon Overview and Level Annotations

Branches:
Dungeon (2/15)

Altars:


Innate Abilities, Weirdness & Mutations

You have a pair of horns on your head.
You reflexively headbutt those who attack you in melee.


Message History

A hobgoblin is nearby!
A hobgoblin is nearby!
You shoot an arrow.
The arrow hits the hobgoblin but does no damage.
The hobgoblin misses you. You furiously retaliate!
You headbutt the hobgoblin. You shoot an arrow. The arrow hits the hobgoblin.
The hobgoblin is almost dead.
The hobgoblin hits you.
A hobgoblin is nearby!
You shoot an arrow.
The arrow hits the hobgoblin but does no damage.
The hobgoblin is almost dead.
The hobgoblin misses you. The hobgoblin hits you.
A hobgoblin is nearby!
You shoot an arrow. The arrow closely misses the hobgoblin.
The hobgoblin barely misses you.
A hobgoblin is nearby!
You shoot an arrow. The arrow closely misses the hobgoblin.
The hobgoblin hits you but does no damage.
A hobgoblin is nearby!
You shoot an arrow. The arrow hits the hobgoblin.
You kill the hobgoblin!
You see here a hobgoblin corpse.
Found a club.
No target in view!
An adder comes into view.
The adder hisses angrily.
Your line of fire to the adder is blocked by a granite statue.
An adder is nearby!
Your line of fire to the adder is blocked by a granite statue.
An adder is nearby!
Your line of fire to the adder is blocked by a granite statue.
An adder is nearby!
Your line of fire to the adder is blocked by a granite statue.
An adder is nearby!
Found a scroll labelled FACSEY ZUOGOPLO.
The adder bites you.
You are poisoned.
The adder poisons you! The adder barely misses you.
You feel sick. The adder bites you.
You are more poisoned.
The adder poisons you!
You shoot an arrow. The arrow closely misses the adder.
You feel very sick. The adder bites you but does no damage.
You shoot an arrow. The arrow hits the adder!
The adder is almost dead.
You feel sick. The adder bites you but does no damage.
The adder closely misses you.
You shoot an arrow. The arrow hits the adder!
You kill the adder!
You feel sick.
You feel sick.
You see here an adder corpse.
You feel sick.
A hobgoblin comes into view.
You feel sick.
You feel sick.
You are no longer poisoned.
An adder comes into view.
You shoot an arrow. The arrow closely misses the adder.
The adder bites you but does no damage.
You shoot an arrow.
The arrow hits the adder but does no damage.
The adder bites you.
You are poisoned.
The adder poisons you! The adder bites you but does no damage.
You shoot an arrow. The arrow barely misses the adder.
You feel sick. The adder misses you.
You shoot an arrow. The arrow hits the adder.
The adder is moderately wounded.
You feel sick. The adder misses you. The adder bites you but does no damage.
You shoot an arrow.
The arrow hits the adder but does no damage.
The adder is moderately wounded.
You feel sick. The adder barely misses you. The adder bites you.
You shoot an arrow. The arrow hits the adder.
The adder is severely wounded.
You feel sick.
You are no longer poisoned.
The adder bites you.
* * * LOW HITPOINT WARNING * * *
You are poisoned.
The adder poisons you! The adder bites you but does no damage.
You shoot an arrow.
The arrow hits the adder but does no damage.
The adder is severely wounded.
You feel sick. The adder bites you.
* * * LOW HITPOINT WARNING * * *
You are lethally poisoned!
The adder poisons you! The adder bites you.
* * * LOW HITPOINT WARNING * * *
You are more poisoned.
The adder poisons you!
You shoot an arrow. The arrow closely misses the adder.
* * * LOW HITPOINT WARNING * * *
You feel very sick. The adder barely misses you.
You shoot an arrow. The arrow closely misses the adder.
You die...

....#.......#.....#.#
##8#.# ##..# .... ##.####..
##....# ....# #..
..####.....# ##.## ####
..##8......# ...#
..##.....### #### .. ##
####.....8# #
...##8###8#.....### #
.............†.## #
.....?S@......8# #
###............# # #......#
###8###8#.....# # #......#
########.....8# # #......#
#.#...##.....# #
#......######.#.#.##8......
#
#......#..........####.....
###......#......#.#.#.#
#..g.
.##....†.######...#.#.# #8#


You could see an adder.

Vanquished Creatures
  A gnoll (D:2)
  2 adders (D:2)
  3 dart slugs (D:1)
  2 bats
  4 endoplasms
  A giant cockroach (D:1)
  8 hobgoblins
  3 ball pythons (D:1)
  2 goblins (D:2)
  4 rats
30 creatures vanquished.

Notes
Turn   | Place    | Note
-------+----------+-------------------------------------------
     0 | D:1      | Darkkill the Minotaur Hunter began the quest for the Orb.
     0 | D:1      | Reached XP level 1. HP: 18/18 MP: 0/0
   137 | D:1      | Reached skill level 1 in Stealth
   219 | D:1      | Reached XP level 2. HP: 25/25 MP: 1/1
   961 | D:2      | Reached XP level 3. HP: 31/31 MP: 2/2
  1236 | D:2      | HP: 4/31 [adder (3)]
  1237 | D:2      | HP: 1/31 [poisoned by an adder]
  1238 | D:2      | Succumbed to an adder's poison

Illustrated notes

Levels and vault maps discovered:
D:1:      eino_arrival_water_cross, layout_basic, minmay_misc_feat_room
D:2:      layout_basic, serial_shops, shop, serial_corexii_hall,
          chequers_hall_statues_y, corexii_hall_statues_s, feat_on_display

Skill      XL: |  1  2  3 |
---------------+----------+-----
Stealth        | 1 |  1.7
Fighting       | 3 |  3.3
Dodging        | 3 |  3.0
Ranged Weapons | |  4.8

Action                     || total
---------------------------++-------
   Fire: Shortbow          ||    90
    Use: Scroll            ||     2
 Armour: Leather armour    ||     9
  Dodge: Dodged            ||    19

Table legend: (Time is in decaauts)
 A = Elapsed time spent in this place.
 B = Non-inter-level travel time spent in this place.
 C = Inter-level travel time spent in this place.
 D = Time resting spent in this place.
 E = Time spent auto-exploring this place.
 F = Levels seen in this place.
 G = Mean time per level.
                   A        B        C        D        E       F      G
               +--------+--------+--------+--------+--------+-----+--------+
         Total |   1264 |   1243 |     21 |      0 |   1048 |   2 |  632.0 |
       Dungeon |   1264 |   1243 |     21 |      0 |   1048 |   2 |  632.0 |
               +--------+--------+--------+--------+--------+-----+--------+

Top non-repeatable levels by time:
     D:1: 861 daAuts
     D:2: 403 daAuts

Levels and vault maps discovered:
D:1:      eino_arrival_water_cross, layout_basic, minmay_misc_feat_room
D:2:      layout_basic, serial_shops, shop, serial_corexii_hall,
          chequers_hall_statues_y, corexii_hall_statues_s, feat_on_display

Table legend: (Time is in decaauts)
 A = Elapsed time spent in this place.
 B = Non-inter-level travel time spent in this place.
 C = Inter-level travel time spent in this place.
 D = Time resting spent in this place.
 E = Time spent auto-exploring this place.
 F = Levels seen in this place.
 G = Mean time per level.
                   A        B        C        D        E       F      G
               +--------+--------+--------+--------+--------+-----+--------+
         Total |   1264 |   1243 |     21 |      0 |   1048 |   2 |  632.0 |
       Dungeon |   1264 |   1243 |     21 |      0 |   1048 |   2 |  632.0 |
               +--------+--------+--------+--------+--------+-----+--------+

Top non-repeatable levels by time:
     D:1: 861 daAuts
     D:2: 403 daAuts

Table legend:
 A = Kills in this place as a percentage of kills in the entire game.
 B = Kills by you in this place as a percentage of kills by you in the entire game.
 C = Kills by friends in this place as a percentage of kills by friends in the entire game.
 D = Other kills in this place as a percentage of other kills in the entire game.
 E = Experience gained in this place as a percentage of experience gained in the entire game.
 F = Experience gained in this place divided by the number of levels of this place that you have seen.
                   A       B       C       D       E      F
               +-------+-------+-------+-------+-------+----------------------
         Total | 100.0 | 100.0 |   N/A |   N/A | 100.0 |  46.0
       Dungeon | 100.0 | 100.0 |   N/A |   N/A | 100.0 |  46.0
               +-------+-------+-------+-------+-------+----------------------
